 Dungeon Crawl Stone Soup version 0.31-a0-654-gbe3e110b4e (webtiles) character file.

Game seed: 14058602331068502228

2377 zero the Geomancer (level 9, 0/54 HPs)
             Began as a Gargoyle Earth Elementalist on Aug 29, 2023.
             Was a Believer of Vehumet.
             Killed from afar by a rakshasa (illusionary) (10 damage)
             ... with a lance of force
             ... on level 8 of the Dungeon.
             The game lasted 00:06:58 (8789 turns).

zero the Geomancer (Gargoyle Earth Elementalist)    Turns: 8789, Time: 00:06:58

Health: 0/54       AC: 12    Str: 12    XL:     9   Next: 45%
Magic:  14/18      EV: 11    Int: 20    God:    Vehumet [**....]
Gold:   277        SH:  0    Dex: 10    Spells: 16/20 levels left

rFire   . . .        l - +1 war axe of Wu Jian's Displeasure {flame, Stlth+}
rCold   + . .        (no shield)
rNeg    + . .        a - +0 robe
rPois   ∞            (no helmet)
rElec   +            j - +0 cloak
rCorr   .            w - +1 pair of gloves
SInv    .            (no boots)
Will    +....        (no amulet)
Stlth   +++          g - ring of protection from cold
HPRegen 0.29/turn    k - ring of willpower
MPRegen 0.16/turn

%: no passive effects
@: no status effects
A: sickness immunity, AC +6, negative energy resistance 1, electricity
resistance, torment resistance 1, petrification resistance
a: Renounce Religion


You were on level 8 of the Dungeon.
You worshipped Vehumet.
Vehumet was pleased with you.
You visited 1 branch of the dungeon, and saw 8 of its levels.

You collected 277 gold pieces.

Inventory:

Hand Weapons
 l - the +1 war axe of Wu Jian's Displeasure (weapon) {flame, Stlth+}
   (You found it on level 6 of the Dungeon)

   Stlth+:    It makes you more stealthy.
Missiles
 q - 3 curare-tipped darts
 u - 2 throwing nets
Armour
 a - a +0 robe (worn)
 j - a +0 cloak (worn)
 w - a +1 pair of gloves (worn)
Jewellery
 g - a ring of protection from cold (left hand)
 k - a ring of willpower (right hand)
 t - a ring of positive energy
Wands
 e - a wand of charming (12)
Scrolls
 c - a scroll of blinking
 m - a scroll of fog {unknown}
 o - a scroll of identify
 p - a scroll of teleportation
Potions
 b - a potion of magic
 d - a potion of berserk rage {unknown}
 f - 3 potions of curing
 h - 4 potions of attraction
 i - 3 potions of brilliance
 n - 2 potions of haste {unknown}
 r - a potion of ambrosia {unknown}
 s - 4 potions of heal wounds {unknown}
 v - 2 potions of enlightenment {unknown}


   Skills:
 - Level 5.0 Fighting
 - Level 5.0 Armour
 - Level 1.5 Dodging
 - Level 2.1 Stealth
 + Level 6.4 Spellcasting
 - Level 5.0 Conjurations
 - Level 0.7 Transmutations
 + Level 8.5 Earth Magic


You had 16 spell levels left.
You knew the following spells:

 Your Spells              Type           Power      Damage    Failure   Level
a - Sandblast             Erth           80%        2d17      1%          1
b - Stone Arrow           Conj/Erth      66%        3d11      1%          3

Your spell library contained the following spells:

 Spells                   Type           Power      Damage    Failure   Level
 Foxfire                  Conj/Fire      64%        2x1d7     3%          1
 Passwall                 Tmut/Erth      20%        N/A       2%          2
 Kiss of Death            Conj/Necr      64%        2d10      3%          1
 Necrotise                Necr           24%        1d5       10%         1
 Slow                     Hex            24%        N/A       10%         1
 Petrify                  Tmut/Erth      24%        N/A       16%         4
 Confusing Touch          Hex            6%         N/A       30%         3
 Gell's Gravitas          Tloc           6%         N/A       30%         3
 Inner Flame              Hex/Fire       6%         N/A       30%         3
 Ozocubu's Armour         Ice            6%         N/A       30%         3
 Teleport Other           Tloc           6%         N/A       30%         3
 Vampiric Draining        Necr           6%         2d6       30%         3
 Flame Wave               Conj/Fire      16%        2d7       34%         4
 Sticky Flame             Conj/Fire      16%        2d4       34%         4
 Dispel Undead            Necr           6%         3d8       69%         4
 Agony                    Necr           6%         N/A       95%         5
 Metabolic Englaciation   Hex/Ice        3%         N/A       95%         5
 Dispersal                Tloc           3%         N/A       100%        6
 Simulacrum               Ice/Necr       3%         N/A       100%        6


Dungeon Overview and Level Annotations

Branches:
Dungeon (8/15)             Temple (0/1) D:5
   Lair: D:8-11

Altars:
Dithmenos
Fedhas
Kikubaaqudgha
Nemelex Xobeh
Vehumet

Shops:
D:3 :

Annotations:
D:2 Sigmund


Innate Abilities, Weirdness & Mutations

You are immune to sickness and miasma.
Your stone body is resilient. (AC +6)
You are immune to poison.
You resist negative energy. (rN+)
You are resistant to electric shocks. (rElec)
You are resistant to unholy torment.
You are immune to petrification.


Message History

A gnoll is nearby!
You can't see any susceptible monsters within range! (Use Z to cast anyway.)
You can't see any susceptible monsters within range! (Use Z to cast anyway.)
You can't see any susceptible monsters within range! (Use Z to cast anyway.)
Found a short sword.
The gnoll shouts!
The blast of sand hits the gnoll!
You kill the gnoll!
Vehumet accepts your kill.
No target in view!
You can't see any susceptible monsters within range! (Use Z to cast anyway.)
You can't see any susceptible monsters within range! (Use Z to cast anyway.)
Found a dagger.
A rakshasa comes into view. It is wielding a +0 long sword.
Found a glowing broad axe.
A centaur warrior comes into view.
There are monsters nearby!
The blast of sand hits the rakshasa!
The rakshasa is moderately wounded.
The centaur warrior shouts!
The rakshasa hits you but does no damage.
Casting: Sandblast (safe; 1% risk of failure)
Confirm with . or Enter, or press ? or * to list all spells.
Aiming: Stone Arrow (safe; 1% risk of failure)
Press: ? - help, Shift-Dir - straight line, f/p - rakshasa
Aim: a rakshasa, wielding a +0 long sword and wearing a +0 robe (moderately wounded, 60% to hit)
The stone arrow hits the rakshasa!!
The rakshasa is severely wounded.
The injured rakshasa weaves a defensive illusion!
The rakshasa blinks!
The centaur warrior wields a +0 shortbow.
The centaur warrior shoots an arrow.
The arrow hits you! The rakshasa gestures at you. The lance of force hits you!!
You are knocked back by the lance of force.
You slam into the metal wall!
* * * LOW HITPOINT WARNING * * *
The rakshasa gestures at you. The lance of force hits you!
You die...

#.#######.#.#.#.#o..#..
#.##..#.#...#..
#.#.###.#...#..
#..#...#.#c....
#.#.###..#..#..
#.#....##.#.#..
#.#######.#......##.#..
#.........#........##..
#####@#########.### #..
##.##cR# c#.# #..
#...#§R# #. #.. #..#RR#
#..###..# ...# ##...#
#.##. .##.# # # ## #


You could see 2 rakshasas.

Vanquished Creatures
  An ice beast (D:6)
  3 orc warriors
  3 black bears
  A centaur (D:8)
  An ogre (D:5)
  2 phantoms (D:5)
  2 kobold brigands
  6 scorpions
  2 bullfrogs
  A howler monkey (D:4)
  A vampire bat (D:3)
  Crazy Yiuf (D:2)
  3 hounds
  A jelly (D:5)
  2 iguanas
  A sleepcap (D:6)
  7 orc wizards
  Natasha (thrice) (D:4)
  6 adders
  8 gnolls
  A shadow imp (D:8)
  An ufetubus (D:7)
  3 worms
  5 dart slugs
  20 orcs
  5 ball pythons
  4 endoplasms
  3 giant cockroaches
  4 hobgoblins
  5 jackals
  5 kobolds (D:6)
  5 quokkas
  12 bats
  5 frilled lizards
  6 goblins
  5 rats
144 creatures vanquished.

Notes
Turn   | Place    | Note
-------+----------+-------------------------------------------
     0 | D:1      | zero the Gargoyle Earth Elementalist began the quest for
                  | the Orb.
     0 | D:1      | Reached XP level 1. HP: 10/10 MP: 3/3
   336 | D:1      | Reached XP level 2. HP: 16/16 MP: 1/5
   631 | D:1      | Reached skill level 1 in Fighting
   631 | D:1      | Reached skill level 1 in Armour
   668 | D:1      | Reached XP level 3. HP: 20/20 MP: 1/6
   672 | D:1      | Learned a level 3 spell: Stone Arrow
   836 | D:1      | Reached skill level 4 in Earth Magic
  1671 | D:2      | Noticed Sigmund
  1817 | D:2      | Reached XP level 4. HP: 25/25 MP: 6/8
  2029 | D:2      | Found a runed translucent door.
  2030 | D:2      | Noticed Crazy Yiuf
  2225 | D:2      | Killed Crazy Yiuf
  2226 | D:2      | Reached skill level 1 in Conjurations
  2575 | D:3      | Noticed a scorpion
  2581 | D:3      | Killed a scorpion
  2582 | D:3      | Reached XP level 5. HP: 26/30 MP: 4/9
  2794 | D:3      | You fall into a shaft and drop 3 floors!
  2834 | D:6      | Noticed a kobold brigand
  2860 | D:6      | Killed a kobold brigand
  2861 | D:6      | Reached XP level 6. HP: 22/36 MP: 2/10
  3030 | D:6      | Identified the +1 war axe of Wu Jian's Displeasure {flame,
                  | Stlth+}
  3781 | D:6      | Found a radiant altar of Vehumet.
  3879 | D:6      | Noticed an ice beast
  3890 | D:6      | Killed an ice beast
  3891 | D:6      | Reached XP level 7. HP: 32/41 MP: 1/12
  4036 | D:6      | Became a worshipper of Vehumet
  4173 | D:6      | Reached skill level 5 in Earth Magic
  4270 | D:5      | Entered Level 5 of the Dungeon
  4567 | D:5      | Reached XP level 8. HP: 48/48 MP: 5/14
  4779 | D:5      | Found a shadowy altar of Dithmenos.
  4779 | D:5      | Found a blossoming altar of Fedhas.
  4780 | D:5      | Found an ancient bone altar of Kikubaaqudgha.
  5054 | D:5      | Reached skill level 5 in Conjurations
  5242 | D:5      | Found a staircase to the Ecumenical Temple.
  5434 | D:4      | Noticed Natasha
  5435 | D:4      | Killed Natasha
  5436 | D:4      | Reached skill level 6 in Earth Magic
  5579 | D:4      | Reached * piety under Vehumet
  5579 | D:4      | Offered knowledge of Shock by Vehumet.
  5798 | D:4      | Noticed Natasha
  5833 | D:4      | Killed Natasha
  6077 | D:4      | Noticed Natasha
  6085 | D:4      | Killed Natasha
  6167 | D:3      | Found Xesolab's Book Emporium.
  6740 | D:7      | Reached skill level 5 in Fighting
  6740 | D:7      | Reached skill level 5 in Armour
  6770 | D:7      | Identified the +11 long sword of Liuluhuf {drain, Contam
                  | rPois rN+}
  6863 | D:7      | Found a sparkling altar of Nemelex Xobeh.
  7217 | D:7      | Reached skill level 5 in Spellcasting
  7273 | D:7      | Reached skill level 7 in Earth Magic
  7286 | D:7      | Reached XP level 9. HP: 26/54 MP: 11/16
  7523 | D:7      | Offered knowledge of Foxfire by Vehumet.
  7565 | D:7      | Reached ** piety under Vehumet
  7972 | D:8      | Reached skill level 8 in Earth Magic
  8355 | D:8      | HP: 1/54 [centaur/arrow (5)]
  8783 | D:8      | Noticed a rakshasa
  8784 | D:8      | Noticed a centaur warrior
  8789 | D:8      | Killed from afar by a rakshasa (illusionary)

Illustrated notes

Levels and vault maps discovered:
D:1:      lightli_arrival_windingriver, layout_loops_ring,
          hangedman_decor_points
D:2:      layout_loops_corners, serial_glass, glass_columns_a, glass_columns_b,
          glass_columns_c, guppyfry_early_lair_pool, uniq_sigmund,
          uniq_crazy_yiuf_cottage
D:3:      layout_loops_ring, serial_shops, shop, solitary_fountain,
          roderic_batcave
D:4:      layout_rooms, uniq_natasha
D:5:      layout_basic, grunt_temple_overflow_open,
          minmay_temple_entry_enclosed_plants, minmay_between
D:6:      layout_gridville, fiery_altar_vehumet, minmay_misc_feat_more_columns,
          nicolae_kite_square_tiling_tiny
D:7:      layout_loops_ring, nemelex_spade_bored_becter, serial_aquarium,
          aquarium_bridge_straight [aquarium_subvault_bridge,
          aquarium_subvault_wall, aquarium_subvault_bridge,
          aquarium_subvault_wall], aquarium_window_2,
          aquarium_window_corridor_2, aquarium_window_corner, aquarium_view_2g,
          enter_bailey_7
D:8:      layout_basic, dpeg_oklobed_lair, roderic_serpentine_path,
          minmay_the_grid_2x2 [minmay_the_grid_armoury, minmay_the_grid_expand,
          minmay_the_grid_stretched_grid,
          minmay_the_grid_prize_four_corners_diamond_a]

Skill      XL: |  1  2  3  4  5  6  7  8  9 |
---------------+----------------------------+-----
Fighting       | 1 2 3 5 |  5.0
Armour         | 1 2 3 5 |  5.0
Earth Magic    | 4 5 7 8 |  8.5
Spellcasting   | 3 4 5 6 |  6.4
Conjurations   | 2 3 4 5 |  5.0
Dodging        | |  1.5
Stealth        | |  2.1
Transmutations | |  0.7

Action                     |  1- 3 |  4- 6 |  7- 9 || total
---------------------------+-------+-------+-------++-------
  Melee: Flail             |     9 |    14 |       ||    23
         Unarmed           |     1 |       |       ||     1
         War axe           |       |     4 |    23 ||    27
   Cast: Sandblast         |    45 |    54 |   143 ||   242
         Stone Arrow       |       |     6 |    21 ||    27
    Use: Scroll            |       |     6 |     8 ||    14
 Armour: Robe              |    10 |    38 |   101 ||   149
  Dodge: Dodged            |    24 |    53 |    91 ||   168

Table legend: (Time is in decaauts)
 A = Elapsed time spent in this place.
 B = Non-inter-level travel time spent in this place.
 C = Inter-level travel time spent in this place.
 D = Time resting spent in this place.
 E = Time spent auto-exploring this place.
 F = Levels seen in this place.
 G = Mean time per level.
                   A        B        C        D        E       F      G
               +--------+--------+--------+--------+--------+-----+--------+
         Total |   8936 |   8662 |    274 |   1877 |   5758 |   8 | 1117.0 |
       Dungeon |   8936 |   8662 |    274 |   1877 |   5758 |   8 | 1117.0 |
               +--------+--------+--------+--------+--------+-----+--------+

Top non-repeatable levels by time:
     D:6: 1534 daAuts
     D:7: 1405 daAuts
     D:2: 1389 daAuts
     D:5: 1210 daAuts
     D:1: 1167 daAuts
     D:3: 830 daAuts
     D:4: 718 daAuts
     D:8: 680 daAuts
